 Dungeon Crawl Stone Soup version 0.31.0-9-g3a7656b989 (webtiles) character file.

Game seed: 6751014383235078729

9609 qw the Markself (level 11, -2/66 HPs)
             Began as a Deep Elf Hunter on Feb 2, 2024.
             Was an Elder of Okawaru.
             Slain by a troll (11 damage)
             ... on level 11 of the Dungeon.
             The game lasted 00:01:00 (10235 turns).

qw the Markself (Deep Elf Hunter)                  Turns: 10235, Time: 00:01:01

Health: -2/66      AC: 11    Str: 12    XL:     11   Next: 25%
Magic:  17/17      EV: 17    Int: 15    God:    Okawaru [****..]
Gold:   122        SH:  0    Dex: 18    Spells: 10/10 levels left

rFire   . . .        r - +1 orcbow
rCold   + . .        (shield currently unavailable)
rNeg    + . .        s - +0 leather armour "Wuofoj" {^Contam rElec rC+ SInv Stlth+}
rPois   +            b - +1 helmet
rElec   +            h - -2 cloak of Gicagozu {+Inv Fly rN+}
rCorr   .            g - +1 pair of gloves
SInv    +            e - +0 pair of boots
Will    +....        (no amulet)
Stlth   +++          c - +4 ring of protection
HPRegen 0.31/turn    p - ring of poison resistance
MPRegen 0.15/turn

%: no passive effects
@: flying
A: no striking features
a: Renounce Religion, Evoke Invisibility, Heroism, Finesse


You were on level 11 of the Dungeon.
You worshipped Okawaru.
Okawaru was greatly pleased with you.
You visited 1 branch of the dungeon, and saw 11 of its levels.
You also visited: Ossuary.

You collected 648 gold pieces.
You spent 526 gold pieces at shops.


   Skills:
 + Level 6.5 Fighting
 - Level 16.0 Ranged Weapons
 - Level 3.0 Armour
 - Level 10.0 Dodging
 - Level 1.2 Stealth
 + Level 6.4 Invocations


You had 10 spell levels left.
You didn't know any spells.
Your spell library was empty.

Inventory:

Hand Weapons
 r - a +1 orcbow (weapon)
Armour
 b - a +1 helmet (worn)
 e - a +0 pair of boots (worn)
 g - a +1 pair of gloves (worn)
 h - the -2 cloak of Gicagozu (worn) {+Inv Fly rN+}
   (You acquired it on level 4 of the Dungeon)

   rN+:       It protects you from negative energy.
   +Inv:      It lets you turn invisible.
   Fly:       It grants you flight.
 l - a +0 troll leather armour
 q - a scarf of repulsion
 s - the +0 leather armour "Wuofoj" (worn) {^Contam rElec rC+ SInv Stlth+}
   (You found it on level 8 of the Dungeon)

   rC+:       It protects you from cold.
   rElec:     It insulates you from electricity.
   SInv:      It lets you see invisible.
   ^Contam:   It causes magical contamination when unequipped.
   Stlth+:    It makes you more stealthy.
Jewellery
 c - a +4 ring of protection (left hand)
 m - an amulet of guardian spirit
 n - a ring of ice
 p - a ring of poison resistance (right hand)
Wands
 i - a wand of quicksilver (14)
Potions
 f - 2 potions of enlightenment
 j - 5 potions of curing
 k - a potion of heal wounds
 o - 5 potions of might

Dungeon Overview and Level Annotations

Branches:
Dungeon (11/15)            Temple (0/1) D:5             Orc (0/2) D:9
Ossuary (visited)
   Lair: D:8-11

Altars:
Fedhas
Kikubaaqudgha
Makhleb
Okawaru
Ru
Wu Jian
Xom
Zin
The Shining One

Shops:
D:10 *:(=

Annotations:
D:2 1 runed translucent door, Crazy Yiuf
D:8 exclusion: 2 electric eels
D:10 4 transporters, qw's ghost, journeyman SpHu


Message History

The yak is moderately wounded.
The yak completely misses you.
A troll comes into view.
The yak misses you.
The orc priest hits you but does no damage.
You shoot an arrow. The arrow hits the yak.
The yak is heavily wounded.
You shoot an arrow. The arrow closely misses the yak.
The yak completely misses you. The yak gores you but does no damage.
The orc priest hits you with a +0 war axe.
You shoot an arrow. The arrow barely misses the yak.
The yak barely misses you.
The orc priest hits you but does no damage.
The yak gores you.
You shoot an arrow. The arrow hits the yak!
The yak is severely wounded.
The yak gores you but does no damage.
You shoot an arrow.
The arrow hits the yak but does no damage.
The yak is severely wounded.
The yak gores you! The orc priest misses you.
10229 ||| DRINKING 2 potions of heal wounds.
You feel much better. The yak gores you. The yak misses you.
The orc priest completely misses you.
You shoot an arrow. The arrow hits the yak.
The yak is severely wounded.
The yak gores you! The yak barely misses you. The orc priest misses you.
You shoot an arrow. The arrow hits the yak!
The yak is almost dead.
The yak barely misses you. The yak misses you. The orc priest misses you.
You shoot an arrow. The arrow barely misses the yak.
You shoot an arrow. The arrow barely misses the yak.
The yak closely misses you. The yak gores you! The orc priest misses you.
You shoot an arrow. The arrow hits the yak.
You kill the yak!
Okawaru accepts your kill. The yak gores you but does no damage.
The orc priest misses you.
You shoot an arrow. The arrow closely misses the troll.
The yak gores you! The troll barely misses you. The troll claws you!
You die...

.#### ##.............
.....##...............
.
#....................
.. ......#.>..........
...
###...#...##.......
.Y.Y ##..#...# .......
.....## ##..o.##
#.#... #Y..###.TY##
.##. ###..#.)o@#
#....(..###
..........)#
<.#..##....... # #..
#...o....# #.
..........# #
...####.o...# ....
...... .... ......


You could see a yak, a troll, an orc priest and an orc.

Vanquished Creatures
  Erica (D:10)
  2 two-headed ogres
  A cyclops (D:11)
  4 trolls
  A hornet (D:10)
  Grinder (D:3)
  Sigmund (D:3)
  A shadow (D:10)
  9 yaks
  A wraith (D:10)
  Menkaure (D:5)
  Edmund (D:5)
  A water moccasin (D:8)
  A sky beast (D:6)
  An ice beast (D:6)
  2 ogres (D:6)
  9 centaurs
  2 kobold brigands
  7 bullfrogs
  An elf skeleton (D:4)
  6 wights
  13 killer bees
  2 howler monkeys (D:9)
  An electric eel (D:8)
  5 bullfrog zombies (Ossuary)
  3 bombardier beetles
  4 jellies
  4 hounds
  An orc priest (D:8)
  A gnoll bouda (D:6)
  2 iguanas
  Jessica (D:2)
  9 mummies (Ossuary)
  Terence (D:2)
  A human skeleton (D:4)
  5 orc wizards
  Ijyb (D:4)
  2 killer bee zombies (Ossuary)
  2 crocodile zombies (Ossuary)
  2 hound zombies (Ossuary)
  5 howler monkey zombies (Ossuary)
  Robin (D:2)
  4 gnolls (D:6)
  8 adders
  A white imp (D:8)
  2 ufetubi (D:6)
  2 ribbon worms (D:4)
  A dart slug (D:1)
  16 orcs
  5 bats
  5 endoplasms
  9 giant cockroaches
  6 hobgoblins
  3 jackals (D:1)
  14 kobolds
  3 quokkas
  6 ball pythons
  A ball python zombie (Ossuary)
  4 frilled lizards (D:1)
  12 goblins
  3 orc skeletons (D:4)
  An orc zombie (D:4)
  A rat (D:1)
227 creatures vanquished.

Notes
Turn   | Place    | Note
-------+----------+-------------------------------------------
     0 | D:1      | qw the Deep Elf Hunter began the quest for the Orb.
     0 | D:1      | Reached XP level 1. HP: 12/12 MP: 3/3
     0 | D:1      | 0 ||| qw: Version: 0.3-a-155-g5e7d8dd
     0 | D:1      | 0 ||| qw: Game counter: 2637
     0 | D:1      | 0 ||| qw: Melee chars always use a shield: true
     0 | D:1      | 0 ||| qw: God list: Okawaru
     0 | D:1      | 0 ||| qw: Allow faded altars: false
     0 | D:1      | 0 ||| qw: Do Orc after clearing Dungeon:15 true
     0 | D:1      | 0 ||| qw: Do second Lair branch before Depths: true
     0 | D:1      | 0 ||| qw: Lair rune preference: random
     0 | D:1      | 0 ||| qw: Goals: Normal
     0 | D:1      | 0 ||| PLANNING D:1-11
   234 | D:1      | Reached XP level 2. HP: 16/16 MP: 4/4
   248 | D:1      | Reached skill level 6 in Ranged Weapons
   416 | D:1      | Reached XP level 3. HP: 19/20 MP: 5/5
   575 | D:1      | 575 ||| UPGRADING to +0 pair of boots.
   580 | D:1      | 580 ||| READING 4 scrolls labelled FAICSAE LIDD.
   580 | D:1      | 580 ||| IDENTIFYING grey potion
   581 | D:1      | 581 ||| READING 3 scrolls of identify.
   581 | D:1      | 581 ||| IDENTIFYING ruby potion
   582 | D:1      | 582 ||| READING 2 scrolls of identify.
   582 | D:1      | 582 ||| IDENTIFYING metallic black potion
   583 | D:1      | 583 ||| READING scroll of identify.
   583 | D:1      | 583 ||| IDENTIFYING scroll labelled OPICKO SUYWEVI
   584 | D:1      | 584 ||| READING scroll of enchant weapon.
   584 | D:1      | 584 ||| ENCHANTING +0 shortbow.
   585 | D:1      | 585 ||| DROPPING scroll of butterflies.
   586 | D:1      | 586 ||| DROPPING potion of invisibility.
   587 | D:1      | 587 ||| DROPPING potion of lignification.
   647 | D:2      | Noticed Robin
   658 | D:2      | Reached skill level 7 in Ranged Weapons
   672 | D:2      | Killed Robin
   745 | D:2      | Reached XP level 4. HP: 25/25 MP: 6/6
   867 | D:2      | Noticed Terence
   881 | D:2      | HP: 2/25 [Terence/+3 mace (6)]
   882 | D:2      | 882 ||| DRINKING potion of heal wounds.
   885 | D:2      | Killed Terence
   886 | D:2      | Reached skill level 8 in Ranged Weapons
   927 | D:2      | Noticed Jessica
   933 | D:2      | Killed Jessica
   934 | D:2      | Reached XP level 5. HP: 19/29 MP: 7/7
  1169 | D:2      | Found a runed translucent door.
  1170 | D:2      | Noticed Crazy Yiuf
  1501 | D:2      | 1501 ||| UPGRADING to +0 helmet.
  1506 | D:2      | 1506 ||| UPGRADING to +0 ring mail.
  1516 | D:2      | 1516 ||| DROPPING +0 leather armour.
  1517 | D:2      | 1517 ||| DROPPING +6 ring of intelligence.
  1518 | D:2      | 1518 ||| READING 3 scrolls labelled TAUGAA MOERUM.
  1519 | D:2      | 1519 ||| DRINKING 2 viscous yellow potions.
  1520 | D:2      | 1520 ||| DRINKING 2 glowing red potions.
  1521 | D:2      | 1521 ||| DROPPING 2 scrolls of blinking.
  1522 | D:2      | 1522 ||| DROPPING potion of degeneration.
  1595 | D:3      | Noticed Grinder
  1604 | D:3      | 1604 ||| FLEEEEING.
  1605 | D:3      | 1605 ||| FLEEEEING.
  1606 | D:3      | 1606 ||| FLEEEEING.
  1607 | D:3      | 1607 ||| FLEEEEING.
  1610 | D:3      | 1610 ||| FLEEEEING.
  1611 | D:3      | 1611 ||| FLEEEEING.
  1612 | D:3      | 1612 ||| FLEEEEING.
  1613 | D:3      | 1613 ||| FLEEEEING.
  1614 | D:3      | 1614 ||| FLEEEEING.
  1615 | D:3      | 1615 ||| FLEEEEING.
  1616 | D:3      | 1616 ||| FLEEEEING.
  1617 | D:3      | 1617 ||| FLEEEEING.
  1618 | D:3      | 1618 ||| FLEEEEING.
  1619 | D:3      | 1619 ||| FLEEEEING.
  1620 | D:3      | 1620 ||| FLEEEEING.
  1621 | D:3      | 1621 ||| FLEEEEING.
  1622 | D:3      | 1622 ||| FLEEEEING.
  1623 | D:3      | 1623 ||| STAIRDANCE
  1648 | D:2      | 1648 ||| READING scroll labelled ASO ARENUXI.
  1759 | D:3      | 1759 ||| FLEEEEING.
  1760 | D:3      | 1760 ||| STAIRDANCE
  1824 | D:3      | 1824 ||| STAIRDANCE
  1911 | D:3      | 1911 ||| STAIRDANCE
  1934 | D:3      | Paralysed by Grinder for 4 turns
  1939 | D:3      | Killed Grinder
  1940 | D:3      | Reached skill level 10 in Ranged Weapons
  1940 | D:3      | Reached XP level 6. HP: 32/34 MP: 8/8
  2199 | D:3      | Found an ancient bone altar of Kikubaaqudgha.
  2248 | D:3      | Found a faded altar of an unknown god.
  2262 | D:3      | Noticed Sigmund
  2274 | D:3      | 2274 ||| DRINKING potion of curing.
  2274 | D:3      | 2274 ||| (to cure confusion)
  2280 | D:3      | Killed Sigmund
  2281 | D:3      | Reached XP level 7. HP: 22/40 MP: 9/9
  2509 | D:3      | 2509 ||| READING 3 scrolls of identify.
  2509 | D:3      | 2509 ||| IDENTIFYING silvery potion
  2510 | D:3      | 2510 ||| READING 2 scrolls of identify.
  2510 | D:3      | 2510 ||| IDENTIFYING scroll labelled YCEARU AM FUMM
  2511 | D:3      | 2511 ||| READING scroll of identify.
  2511 | D:3      | 2511 ||| IDENTIFYING scroll labelled RUAGOA ZURYMM
  2512 | D:3      | 2512 ||| READING scroll of enchant armour.
  2512 | D:3      | 2512 ||| ENCHANTING +0 helmet.
  2513 | D:3      | 2513 ||| DROPPING scroll of poison.
  2524 | D:4      | 2524 ||| PLANNING OSSUARY
  2601 | D:4      | Found an iron altar of Okawaru.
  2654 | D:4      | Reached skill level 3 in Dodging
  2861 | D:4      | Found a blossoming altar of Fedhas.
  2862 | D:4      | Noticed Ijyb
  2872 | D:4      | Killed Ijyb
  2940 | D:4      | Found a sacrificial altar of Ru.
  3086 | D:4      | Found a sand-covered staircase.
  3124 | D:4      | 3124 ||| UPGRADING to +0 pair of gloves.
  3129 | D:4      | 3129 ||| UPGRADING to +4 ring of protection.
  3130 | D:4      | 3130 ||| READING scroll labelled SETTOA BUIBI.
  3130 | D:4      | Identified a scroll of acquirement
  3130 | D:4      | 3130 ||| ACQUIRING -2 cloak of Gicagozu {+Inv Fly rN+}
  3130 | D:4      | Acquired the -2 cloak of Gicagozu {+Inv Fly rN+}
  3132 | D:4      | 3132 ||| UPGRADING to -2 cloak of Gicagozu {+Inv Fly rN+}.
  3140 | Ossuary  | Entered an ossuary
  3160 | Ossuary  | Reached skill level 11 in Ranged Weapons
  3381 | Ossuary  | Reached skill level 12 in Ranged Weapons
  3422 | Ossuary  | Reached XP level 8. HP: 19/44 MP: 10/10
  3424 | Ossuary  | HP: 9/44 [killer bee zombie (6)]
  3484 | Ossuary  | Reached skill level 3 in Fighting
  3662 | Ossuary  | 3662 ||| READING scroll of enchant weapon.
  3662 | Ossuary  | 3662 ||| ENCHANTING +1 shortbow.
  3776 | Ossuary  | 3776 ||| READING 2 scrolls of identify.
  3776 | Ossuary  | 3776 ||| IDENTIFYING purple potion
  3777 | Ossuary  | 3777 ||| READING scroll of identify.
  3777 | Ossuary  | 3777 ||| IDENTIFYING puce potion
  3778 | Ossuary  | 3778 ||| READING scroll labelled GOOMEO BUANA.
  3779 | Ossuary  | 3779 ||| READING 2 scrolls labelled BOSEAG JAIVVUAZ.
  3780 | Ossuary  | 3780 ||| READING scroll labelled GEDDANL MEIKE.
  3785 | Ossuary  | 3785 ||| DROPPING scroll of revelation.
  3786 | Ossuary  | 3786 ||| DROPPING potion of brilliance.
  3815 | D:4      | 3815 ||| PLANNING OKAWARU WORSHIP
  3844 | D:4      | Became a worshipper of Warmaster Okawaru
  3845 | D:4      | 3845 ||| PLANNING D:1-11
  4091 | D:5      | Entered Level 5 of the Dungeon
  4282 | D:5      | Noticed Menkaure
  4287 | D:5      | Killed Menkaure
  4288 | D:5      | Reached skill level 13 in Ranged Weapons
  4442 | D:5      | Found a staircase to the Ecumenical Temple.
  4738 | D:5      | Found a shimmering altar of Xom.
  4766 | D:5      | Noticed Edmund
  4786 | D:5      | Killed Edmund
  4786 | D:5      | Reached * piety under Okawaru
  4878 | D:5      | Reached skill level 14 in Ranged Weapons
  5074 | D:5      | 5074 ||| READING scroll labelled MUOJEOD VEU.
  5074 | D:5      | 5074 ||| BRANDING +2 shortbow.
  5075 | D:5      | 5075 ||| READING scroll labelled RAZXAI SEMPUARANIU.
  5186 | D:6      | Reached skill level 1 in Invocations
  5192 | D:6      | Reached XP level 9. HP: 50/50 MP: 10/12
  5392 | D:6      | 5392 ||| RETREEEEATING.
  5397 | D:6      | 5397 ||| RETREEEEATING.
  5516 | D:6      | Found an ornate altar of the Wu Jian Council.
  5578 | D:6      | Reached skill level 3 in Invocations
  5629 | D:6      | Reached ** piety under Okawaru
  5670 | D:6      | Found a glowing golden altar of the Shining One.
  5778 | D:6      | 5778 ||| READING scroll labelled POFIME CORINEGOIRU.
  5779 | D:6      | 5779 ||| DRINKING 2 inky potions.
  5780 | D:6      | 5780 ||| DROPPING wand of flame (23).
  5830 | D:7      | Found a glowing silver altar of Zin.
  5997 | D:7      | Noticed a two-headed ogre
  5998 | D:7      | 5998 ||| INVOKING Heroism.
  5999 | D:7      | 5999 ||| DRINKING potion of haste.
  6006 | D:7      | Killed a two-headed ogre
  6086 | D:7      | 6086 ||| RETREEEEATING.
  6087 | D:7      | 6087 ||| RETREEEEATING.
  6088 | D:7      | 6088 ||| RETREEEEATING.
  6089 | D:7      | 6089 ||| RETREEEEATING.
  6090 | D:7      | 6090 ||| RETREEEEATING.
  6091 | D:7      | 6091 ||| RETREEEEATING.
  6103 | D:7      | HP: 11/45 [wight/+0 falchion (1)]
  6104 | D:7      | 6104 ||| READING scroll of teleportation.
  6105 | D:7      | 6105 ||| DRINKING 6 potions of heal wounds.
  6541 | D:8      | Reached skill level 3 in Armour
  6677 | D:8      | 6677 ||| SWAPPING to +0 orcbow.
  6759 | D:8      | 6759 ||| DROPPING +2 shortbow of freezing.
  6810 | D:8      | Reached XP level 10. HP: 54/59 MP: 15/15
  6912 | D:8      | Noticed a two-headed ogre
  6913 | D:8      | 6913 ||| INVOKING Heroism.
  6921 | D:8      | Killed a two-headed ogre
  6921 | D:8      | Reached *** piety under Okawaru
  7059 | D:8      | 7059 ||| FLEEEEING.
  7060 | D:8      | 7060 ||| FLEEEEING.
  7061 | D:8      | 7061 ||| FLEEEEING.
  7062 | D:8      | 7062 ||| FLEEEEING.
  7096 | D:8      | Reached skill level 15 in Ranged Weapons
  7217 | D:8      | Identified the +0 leather armour "Wuofoj" {^Contam rElec
                  | rC+ SInv Stlth+}
  7482 | D:8      | Found a burning altar of Makhleb.
  7529 | D:8      | 7529 ||| DRINKING 6 potions of curing.
  7529 | D:8      | 7529 ||| (to cure confusion)
  7879 | D:8      | 7879 ||| UPGRADING to +0 leather armour "Wuofoj" {^Contam
                  | rElec rC+ SInv Stlth+}.
  7889 | D:8      | 7889 ||| READING scroll of identify.
  7889 | D:8      | 7889 ||| IDENTIFYING golden potion
  7890 | D:8      | 7890 ||| READING scroll labelled DEUCKIL VEICWO.
  7891 | D:8      | 7891 ||| DROPPING potion of berserk rage.
  8229 | D:9      | Found a staircase to the Orcish Mines.
  8523 | D:9      | 8523 ||| RETREEEEATING.
  8530 | D:9      | 8530 ||| RETREEEEATING.
  8533 | D:9      | Reached skill level 16 in Ranged Weapons
  9061 | D:9      | 9061 ||| READING 2 scrolls of identify.
  9061 | D:9      | 9061 ||| IDENTIFYING scroll labelled NUGIYNOAPU
  9062 | D:9      | 9062 ||| DROPPING scroll of fear.
  9074 | D:10     | Entered Level 10 of the Dungeon
  9074 | D:10     | Noticed Erica
  9075 | D:10     | 9075 ||| ZAPPING wand of quicksilver (13) at 1,7 (Erica;
                  | floor).
  9076 | D:10     | 9076 ||| ZAPPING wand of quicksilver (12) at 1,6 (Erica;
                  | floor).
  9077 | D:10     | 9077 ||| ZAPPING wand of quicksilver (11) at 1,5 (Erica;
                  | floor).
  9078 | D:10     | 9078 ||| ZAPPING wand of quicksilver (10) at 0,4 (Erica;
                  | floor).
  9078 | D:10     | Killed Erica
  9078 | D:10     | Reached **** piety under Okawaru
  9079 | D:10     | Reached skill level 9 in Dodging
  9088 | D:10     | Found a transporter.
  9115 | D:10     | Paralysed by a hornet for 1 turns
  9117 | D:10     | 9117 ||| INVOKING Finesse.
  9128 | D:10     | HP: 9/59 [hornet (8)]
  9129 | D:10     | 9129 ||| DRINKING 6 potions of heal wounds.
  9433 | D:10     | Found Foumeyw's General Store.
  9439 | D:10     | 9439 ||| BUYING 2 potions of might (96 gold).
  9439 | D:10     | Bought 2 potions of might for 96 gold pieces
  9439 | D:10     | 9439 ||| BUYING potion of enlightenment (60 gold).
  9439 | D:10     | Bought a potion of enlightenment for 60 gold pieces
  9439 | D:10     | 9439 ||| BUYING scroll of enchant weapon (90 gold).
  9439 | D:10     | Bought a scroll of enchant weapon for 90 gold pieces
  9439 | D:10     | 9439 ||| READING scroll of enchant weapon.
  9439 | D:10     | 9439 ||| ENCHANTING +0 orcbow.
  9459 | D:10     | Found a transporter.
  9464 | D:10     | Found a transporter.
  9464 | D:10     | Noticed qw's ghost (journeyman SpHu)
  9481 | D:10     | Noticed a meliai
  9491 | D:10     | 9491 ||| INVOKING Finesse.
  9525 | D:10     | Reached XP level 11. HP: 44/64 MP: 11/16
  9543 | D:10     | HP: 16/64 [troll (6)]
  9544 | D:10     | 9544 ||| DRINKING 5 potions of heal wounds.
  9546 | D:10     | Reached skill level 6 in Fighting
  9546 | D:10     | 9546 ||| FLEEEEING.
  9664 | D:10     | Found Neg Eges's Book Boutique.
  9689 | D:10     | Found Demiepn's Jewellery Boutique.
  9696 | D:10     | 9696 ||| SHOPLISTING amulet of Sin {RegenMP -Tele rElec
                  | rF+++ Regen+} (1008 gold, have 351).
  9696 | D:10     | 9696 ||| SHOPLISTING amulet of reflection (420 gold, have
                  | 351).
  9696 | D:10     | 9696 ||| SHOPLISTING amulet of regeneration (420 gold, have
                  | 351).
  9696 | D:10     | 9696 ||| BUYING ring of poison resistance (280 gold).
  9696 | D:10     | Bought a ring of poison resistance for 280 gold pieces
  9696 | D:10     | 9696 ||| SHOPLISTING ring of positive energy (280 gold,
                  | have 71).
  9712 | D:10     | Noticed a boulder beetle
  9714 | D:10     | Found Xinlogh's Antique Weapon Shop.
  9718 | D:10     | Found a transporter.
  9722 | D:10     | Noticed a red ugly thing
  9918 | D:10     | Noticed a boulder beetle
  9937 | D:10     | Noticed a deep elf pyromancer
  9938 | D:10     | Noticed a centaur warrior
 10111 | D:10     | Noticed a skeletal warrior
 10131 | D:10     | 10131 ||| DROPPING +0 ring mail.
 10132 | D:10     | 10132 ||| UPGRADING to ring of poison resistance.
 10133 | D:10     | 10133 ||| READING scroll of identify.
 10133 | D:10     | 10133 ||| IDENTIFYING scroll labelled ANAZUI DIVVUDGH
 10134 | D:10     | 10134 ||| DROPPING scroll of immolation.
 10165 | D:11     | 10165 ||| READING scroll of enchant armour.
 10165 | D:11     | 10165 ||| ENCHANTING +0 pair of gloves.
 10182 | D:11     | 10182 ||| RETREEEEATING.
 10183 | D:11     | 10183 ||| RETREEEEATING.
 10189 | D:11     | 10189 ||| RETREEEEATING.
 10195 | D:11     | Reached skill level 6 in Invocations
 10195 | D:11     | 10195 ||| FLEEEEING.
 10200 | D:11     | 10200 ||| RETREEEEATING.
 10200 | D:11     | HP: 16/65 [yak (1)]
 10201 | D:11     | 10201 ||| DRINKING 5 potions of heal wounds.
 10202 | D:11     | 10202 ||| RETREEEEATING.
 10210 | D:11     | HP: 16/65 [orc priest/divine providence (11)]
 10211 | D:11     | 10211 ||| DRINKING 4 potions of heal wounds.
 10220 | D:11     | HP: 10/66 [yak (10)]
 10221 | D:11     | 10221 ||| DRINKING 3 potions of heal wounds.
 10228 | D:11     | HP: 11/66 [yak (10)]
 10229 | D:11     | 10229 ||| DRINKING 2 potions of heal wounds.
 10235 | D:11     | HP: 9/66 [yak (10)]
 10235 | D:11     | Slain by a troll

Levels and vault maps discovered:
D:1:      dpeg_arrival_concentric_ovals, layout_basic
D:2:      layout_loops_ring, uniq_robin, uniq_crazy_yiuf_cottage, uniq_jessica,
          uniq_terence
D:3:      layout_basic, nicolae_kikubaaqudgha_miasma_corner,
          shapermc_ecumenical_altar_mp_ritualfount, skrybe_limestone_x,
          uniq_sigmund, uniq_grinder
D:4:      layout_rooms, okawaru_ov_weapons_minmay,
          mainiacjoe_overflow_catwalk_spiral, nicolae_ossuary_entry_catacombs,
          serial_curves, eino_curves_04, eino_curves_01, minivault_4,
          minmay_door_square, uniq_ijyb
D:5:      layout_basic, xom_teletrap_fun, minmay_temple_entry_wispy,
          amcnicky_mini_rare_corridor_liquid, hangedman_abyss_or_decor_stabs,
          kb_lookout_dungeons_type, uniq_menkaure, uniq_edmund
D:6:      layout_basic, kennysheep_little_box, nicolae_wu_jian_wuxing_cycle
D:7:      layout_rooms, mainiacjoe_overflow_cross_hatched
D:8:      statuecave_lemuel, layout_loops_corners, lightli_temple_of_fire,
          minmay_manual_mares
D:9:      layout_roguey, orc_0_dummy
D:10:     gammafunk_the_bubble [the_bubble_gammafunk_crates],
          layout_loops_cross, serial_shops, nicolae_book_shop_shelving, shop,
          nicolae_shop_gaudy_bauble, shop, gammafunk_ghost_hive, uniq_erica,
          uniq_sonja
D:11:     minmay_shrinking_squares, layout_cave_pools, lair_entry_dummy,
          serial_shops, shop, serial_bayou_pond_d

Skill      XL: |  1  2  3  4  5  6  7  8  9 10 11 |
---------------+----------------------------------+-----
Ranged Weapons | 6 7 8 10 12 14 16 | 16.0
Fighting       | 2 3 5 6 |  6.5
Armour         | 2 3 |  3.0
Dodging        | 3 4 7 9 10 | 10.0
Invocations    | 1 4 5 6 |  6.4
Stealth        | |  1.2

Action                     |  1- 3 |  4- 6 |  7- 9 | 10-12 || total
---------------------------+-------+-------+-------+-------++-------
   Fire: Shortbow          |    93 |   132 |   503 |       ||   728
         Orcbow            |       |       |    20 |   398 ||   418
 Invoke: Heroism           |       |       |     1 |     1 ||     2
         Finesse           |       |       |       |     2 ||     2
  Evoke: Wand              |       |       |       |     4 ||     4
    Use: Scroll            |     5 |     2 |    15 |     6 ||    28
         Potion            |       |     4 |     3 |     7 ||    14
 Armour: Leather armour    |    21 |     9 |       |   120 ||   150
         Ring mail         |       |    21 |   211 |    40 ||   272
  Dodge: Dodged            |    33 |    33 |   192 |   172 ||   430

Table legend:
 A = Non-vault XP
 B = Vault XP
 C = Vault XP percentage of total XP
 D = Non-vault monster count
 E = Vault monster count
 F = Vault count percentage of total count
                 A         B        C        D         E       F
            +---------+---------+-------+---------+---------+-------
      Total |   10709 |    3019 |  22.0 |     173 |      54 |  23.8
            +---------+---------+-------+---------+---------+-------
        D:1 |      47 |       0 |   0.0 |      28 |       0 |   0.0
        D:2 |      60 |     107 |  64.1 |      16 |      13 |  44.8
        D:3 |      57 |     490 |  89.6 |      12 |       2 |  14.3
        D:4 |     197 |     155 |  44.0 |      11 |       7 |  38.9
        D:5 |     293 |     442 |  60.1 |       8 |       3 |  27.3
        D:6 |    1105 |       0 |   0.0 |      20 |       0 |   0.0
        D:7 |    1340 |       0 |   0.0 |      14 |       0 |   0.0
        D:8 |    1733 |     227 |  11.6 |      18 |       2 |  10.0
        D:9 |    1629 |       0 |   0.0 |      24 |       0 |   0.0
       D:10 |    3066 |     828 |  21.3 |      16 |       1 |   5.9
       D:11 |    1182 |       0 |   0.0 |       6 |       0 |   0.0
    Ossuary |       0 |     770 | 100.0 |       0 |      26 | 100.0
            +---------+---------+-------+---------+---------+-------
